 Dungeon Crawl Stone Soup version 0.18.1-48-g4cf74bf (webtiles) character file.

105 Alarkh the Shooter (level 4, -15/33 HPs)
             Began as a Mummy Hunter on Aug 13, 2016.
             Killed by divine providence
             ... invoked by an orc priest
              (17 damage)
             ... on level 2 of the Dungeon.
             The game lasted 00:03:38 (2236 turns).

Alarkh the Shooter (Mummy Hunter)                   Turns: 2236, Time: 00:03:40

Health: -15/33     AC:  7    Str: 15    XL:     4   Next: 53%
Magic:  0/4        EV: 11    Int: 11    God:
Gold:   34         SH:  0    Dex: 12    Spells: 0 memorised, 3 levels left

rFire  x . .     SeeInvis .     a - +1 shortbow
rCold  + . .     Gourm    .     m - +3 leather armour
rNeg   + + +     Faith    .     (shield currently unavailable)
rPois  ∞         Spirit   +     (no helmet)
rElec  .         Dismiss  .     g - +0 cloak
rCorr  .         Reflect  .     (no gloves)
SustAt .         Harm     .     (no boots)
MR     .....                    e - amulet of guardian spirit
Stlth  +.........               (no ring)
                                (no ring)

@: not resistant to hostile enchantments, very unstealthy
A: no food or potions, fire vulnerability, cold resistance 1, negative energy
resistance 3, torment resistance, unbreathing
a: no special abilities


You were on level 2 of the Dungeon.
You were not hungry.

You visited 1 branch of the dungeon, and saw 3 of its levels.

You collected 34 gold pieces.

Inventory:

Hand Weapons
 a - a +1 shortbow (weapon)
 b - a +0 short sword
 n - a +2 short sword of draining
Missiles
 d - 8 arrows (quivered)
Armour
 c - a +0 leather armour
 g - a +0 cloak (worn)
 m - a +3 leather armour (worn)
Jewellery
 e - an amulet of guardian spirit (around neck)
Scrolls
 f - a scroll of random uselessness {unknown}
 h - a scroll of magic mapping {unknown}
 i - 4 scrolls of teleportation {unknown}
 j - 2 scrolls of amnesia {unknown}
 k - a scroll of remove curse {unknown}
 l - a scroll of fear {unknown}
 o - a scroll of enchant armour {unknown}


   Skills:
 - Level 2.0 Fighting
 + Level 5.0 Bows
 - Level 1.5 Dodging
 - Level 0.7 Stealth


You had 3 spell levels left.
You didn't know any spells.

Dungeon Overview and Level Annotations

Branches:
Dungeon (3/15)

Altars:
Dithmenos


Innate Abilities, Weirdness & Mutations

You do not eat or drink.
Your flesh is vulnerable to fire.
You are immune to poison.
Your flesh is cold resistant.
You are immune to negative energy.
You are immune to unholy pain and torment.
You can survive without breathing.


Message History

The orc priest hits you with a whip.
* * * LOW HITPOINT WARNING * * *
The jackal barks!
You hit the orc priest but do no damage.
The orc priest is severely wounded.
The orc priest hits you but does no damage.
You closely miss the orc priest.
The orc priest is severely wounded.
The orc priest hits you but does no damage.
a - a +1 shortbow (weapon)
Firing (i - inventory):
d - 9 arrows (quivered)
Press: ? - help, Shift-Dir - straight line, f - orc priest
Aim: an orc priest, wielding a whip and wearing a dyed leather armour (severely wounded)
You shoot an arrow.
The arrow hits the orc priest but does no damage.
The orc priest is severely wounded.
The orc priest calls down the wrath of Beogh upon you.
Beogh smites you!
Ouch! That really hurt!
You die...

.##....######### #.#.#.<.#.#.####
..#............# #.#.#...#.#.....
..##...........# #.#.#...#.######
..##...........# #.#.#...#.....#
.###...........# #.#.#...#.###.#
## #...........# #.#.....#.# #.#
####..........)###.###.#.#####.#
..)(.........>.+.#.#.^.........#
####........[..#@#.#.#.#.########
.....#.......o##o#.#.#.#.........
####.#.#####%..ho#.#.############
#.#.#.........#.#.........†[..
#.#.#(......>.#.##############
#.#.#..##.....#.#....#
#.#.#(..†..##.#.#.##.# #######
#.#.##.######.#.#.##.# #......
#.#...........#.#.##.# #.####.


You could see an orc priest, an orc and a jackal.

Vanquished Creatures
  A gnoll (D:1)
  3 adders (D:2)
  A worm (D:2)
  3 dart slugs
  4 orcs
  2 giant cockroaches
  8 goblins
  8 hobgoblins
  2 jackals (D:2)
  9 kobolds
  2 quokkas (D:2)
  A ball python (D:2)
  2 bats
  A giant newt (D:1)
  6 rats
53 creatures vanquished.

Notes
Turn   | Place    | Note
--------------------------------------------------------------
     0 | D:1      | Alarkh the Mummy Hunter began the quest for the Orb.
     0 | D:1      | Reached XP level 1. HP: 16/16 MP: 1/1
   154 | D:1      | Reached XP level 2. HP: 22/22 MP: 2/2
   625 | D:1      | Reached skill level 4 in Bows
   889 | D:2      | Reached XP level 3. HP: 27/27 MP: 3/3
  1203 | D:2      | Found a shadowy altar of Dithmenos.
  1531 | D:2      | Reached XP level 4. HP: 31/33 MP: 4/4
  2184 | D:2      | Reached skill level 5 in Bows
  2236 | D:2      | Killed from afar by an orc priest

Skill      XL: |  1  2  3  4 |
---------------+-------------+-----
Bows           | 4 5 |  5.0
Fighting       | |  2.0
Dodging        | |  1.5
Stealth        | |  0.7

Action                   |  1- 3 |  4- 6 || total
-------------------------+-------+-------++-------
Melee: Short sword       |       |    38 ||    38
 Fire: Shortbow          |    99 |    50 ||   149
Armor: Leather armour    |     4 |    21 ||    25
Dodge: Dodged            |    16 |    32 ||    48
